AoeStats
← AM | MANCO-KUN

Arena

510938125Analyzed
3v3 RM · 17h ago on Oct 3, 2026· 43m 48s· 6 players
Game mode
Random Map
Map size
Normal (6 player)
Population
200
Speed
Normal
Resources
Standard
Victory
Conquest
Starting age
Dark Age
Ending age
Imperial Age
RankedLock teamsTeams togetherTeam positionsShared explorationLock speedFull tech treeHidden civsTurbo modeCheats
Victory
Defeat
🇲🇽 Varangians · Mexico
1404
+12
🇻🇪 Saxons · Venezuela
1368
+13
🇲🇽 Vietnamese · Mexico
1305
+16
🇨🇴 Malians · Colombia
1396
-17
🇲🇽 Italians · Mexico
1313
-14
🇲🇽 Varangians · Mexico
1212
-10
BP ALEXTaXx
13:14 Feudal Age
14:18 Horse Collar
17:02 Castle Age
15:38 Double-Bit Axe
15:45 Gold Mining
17:52 Wheelbarrow
17:55 Bow Saw
24:53 Fletching
27:03 Bloodlines
28:08 Forging
28:04 Husbandry
29:01 Heavy Plow
30:59 Hand Cart
33:25 Imperial Age
31:42 Scale Barding Armor
31:53 Stone Mining
33:32 Iron Casting
33:37 Elite Jarl
36:12 Blast Furnace
36:31 Two-Man Saw
36:43 Chain Barding Armor
36:22 Bodkin Arrow
39:15 Plate Barding Armor
44:06 Arson
PROFE SIN CLAN
9:53 Loom
11:38 Feudal Age
16:25 Castle Age
14:15 Double-Bit Axe
14:40 Horse Collar
17:38 Bow Saw
20:48 Gold Mining
22:59 Wheelbarrow
23:43 Stone Mining
25:15 Fletching
26:33 Scale Barding Armor
27:06 Town Watch
27:43 Chain Barding Armor
28:21 Stone Shaft Mining
27:42 Bodkin Arrow
32:18 Imperial Age
30:30 Bloodlines
30:54 Forging
32:16 Hand Cart
32:07 Husbandry
32:44 Ballistics
33:11 Iron Casting
32:48 Elite Battle Elephant
34:06 Heavy Plow
34:09 Bracer
35:37 Chemistry
35:32 Plate Barding Armor
34:23 Elite Rattan Archer
35:13 Chatras
37:44 Hoardings
37:19 Padded Archer Armor
38:22 Treadmill Crane
39:45 Thumb Ring
41:05 Two-Man Saw
40:36 Squires
42:07 Crop Rotation
41:45 Town Patrol
44:42 Leather Archer Armor
TheSpartan280
11:18 Feudal Age
12:49 Double-Bit Axe
15:15 Castle Age
13:54 Horse Collar
15:33 Wheelbarrow
16:46 Bow Saw
21:23 Heavy Plow
21:54 Gold Mining
23:00 Loom
26:10 Imperial Age
23:40 Fletching
24:24 Bodkin Arrow
24:48 Padded Archer Armor
24:25 Elite Skirmisher
26:39 Ballistics
26:47 Leather Archer Armor
26:50 Bracer
27:53 Chemistry
28:07 Leather Archer Armor
28:13 Town Watch
28:48 Pikeman
29:43 Scale Mail Armor
29:25 Imperial Skirmisher
30:22 Redemption
30:28 Block Printing
31:06 Ring Archer Armor
30:46 Gold Mining
31:59 Chain Mail Armor
32:50 Sanctity
33:22 Crop Rotation
34:30 Halberdier
35:11 Squires
35:33 Fortified Wall
35:31 Squires
35:50 Stone Mining
36:24 Forging
36:34 Forging
37:19 Plate Mail Armor
38:46 Iron Casting
38:02 Arson
39:19 Two-Man Saw
38:49 Elite Varangian Guard
39:26 Crossbowman
40:12 Thumb Ring
40:47 Scale Barding Armor
40:54 Bloodlines
40:04 Light Cavalry
42:31 Gold Shaft Mining
41:30 Arbalester
43:14 Chain Barding Armor
42:55 Husbandry
AM | MANCO-KUN
8:41 Loom
11:32 Feudal Age
12:55 Feudal Age
14:17 Double-Bit Axe
16:52 Castle Age
16:08 Horse Collar
21:18 Imperial Age
18:57 Gold Mining
21:57 Bow Saw
23:04 Chemistry
21:59 Fletching
25:14 Wheelbarrow
29:42 Conscription
28:50 Light Cavalry
29:40 Bloodlines
29:36 Bodkin Arrow
30:45 Town Watch
34:42 Forging
34:37 Scale Barding Armor
35:08 Husbandry
36:04 Hand Cart
36:50 Fortified Wall
36:22 Crossbowman
37:10 Bracer
AM | Popeyin
10:21 Feudal Age
14:10 Loom
17:35 Castle Age
15:35 Double-Bit Axe
15:42 Horse Collar
16:09 Gold Mining
17:29 Stone Mining
18:26 Wheelbarrow
18:58 Bow Saw
18:50 Heavy Plow
19:35 Stone Shaft Mining
20:17 Hand Cart
30:48 Imperial Age
29:02 Forging
28:57 Scale Barding Armor
28:54 Scale Mail Armor
28:42 Arson
30:04 Squires
29:50 Gambesons
30:51 Iron Casting
31:22 Chain Barding Armor
31:46 Chain Mail Armor
32:17 Crop Rotation
31:46 Vendel Legacy
34:33 Blast Furnace
34:02 Conscription
34:20 Pikeman
34:36 Gothikon
35:44 Husbandry
35:54 Bloodlines
36:38 Man-at-Arms
36:51 Elite Varangian Guard
38:30 Plate Mail Armor
39:20 Elite Jarl
41:24 Pikeman
AM | AndresBC
4:55 Loom
12:26 Feudal Age
16:30 Castle Age
14:50 Double-Bit Axe
14:54 Horse Collar
18:41 Padded Archer Armor
19:19 Town Watch
23:37 Forging
25:51 Arson
26:07 Squires
28:50 Wheelbarrow
32:33 Imperial Age
31:04 Scale Mail Armor
32:40 Elite Gbeto
33:43 Chain Mail Armor
34:04 Iron Casting
34:11 Fortified Wall
35:39 Chemistry
35:11 Gold Mining
36:57 Plate Mail Armor
38:05 Stone Mining
38:16 Heavy Plow
38:27 Bow Saw
41:37 Farimba
41:47 Scale Barding Armor
41:53 Fletching
42:49 Conscription
43:44 Bodkin Arrow
44:25 Ballistics
Connection lost

Rejoining the realm…

Still unreachable

The connection could not be restored.

Session expired

The server has moved on; the page needs a fresh start.